PA
NEBRASKA PLAINSMEN @ GALESBURG GUZZLERS
08/28/2020
 
TOP OF THE 1ST
Nebraska Plainsmen batting - Pitching for Galesburg Guzzlers : RHP Mark Bourg
Pitching: RHP Mark Bourg
Batting: RHB Young-hwan Hyon 0-0: Foul Ball, location: 2F
0-1: Ground out 6-3 (Groundball, 6M)
Batting: RHB Jesús Martínez 0-0: Ball
1-0: Foul Ball, location: 2F
1-1: SINGLE (Groundball, 4MD)
Batting: RHB Miguel Vásquez 0-0: Ball
1-0: Foul Ball, location: 2F
1-1: Fly out, F9 (Flyball, 9S)
Batting: LHB Jim Unknown 0-0: Ball
1-0: Ground out 3-1 (Groundball, 34)
Top of the 1st over - 0 run(s), 1 hit(s), 0 error(s), 1 left on base; Nebraska 0 - Galesburg 0
BOTTOM OF THE 1ST
Galesburg Guzzlers batting - Pitching for Nebraska Plainsmen : RHP José López
Pitching: RHP José López
Batting: RHB Javier Vásquez 0-0: Swinging Strike
0-1: Ball
1-1: Ball
2-1: Foul Ball, location: 2F
2-2: Fly out, F9 (Flyball, 9LMF)
Batting: RHB Ethan Miller 0-0: Ball
1-0: Called Strike
1-1: SINGLE (Line Drive, 78S)
Batting: RHB José López 0-0: Fly out, F3 (Popup, 3DF)
Batting: RHB Darrell Terwey 0-0: Called Strike
0-1: Fielders Choice at 2nd, U6 (Groundball, 6M)
Bottom of the 1st over - 0 run(s), 1 hit(s), 0 error(s), 1 left on base; Nebraska 0 - Galesburg 0
TOP OF THE 2ND
Nebraska Plainsmen batting - Pitching for Galesburg Guzzlers : RHP Mark Bourg
Batting: SHB Jim Unknown 0-0: Foul Ball, location: 2F
0-1: Ball
1-1: Reached on error, E1 (Groundball, 13)
Batting: RHB Jim Unknown 0-0: Ball
1-0: Called Strike
1-1: Foul Ball, location: 2F
1-2: SINGLE (Line Drive, 4M)
Jim Unknown to third
Batting: RHB Tomás Morán 0-0: Ball
1-0: Ball
2-0: Ball
3-0: Called Strike
3-1: Foul Ball, location: 2F
3-2: Base on Balls
Jim Unknown to second
Batting: RHB Jim Unknown 0-0: Foul Ball, location: 2F
0-1: Ball
1-1: Ball
2-1: Foul Ball, location: 2F
2-2: Fly out, F3 (Popup, 3F)
Batting: RHB Jim Unknown 0-0: Called Strike
0-1: Swinging Strike
0-2: Ball
1-2: Ball
2-2: Strikes out looking
Batting: RHB Young-hwan Hyon 0-0: Ball
1-0: Ball
2-0: Foul Ball, location: 2F
2-1: Swinging Strike
2-2: SINGLE (Groundball, 56D)
Jim Unknown scores
Jim Unknown to third
Tomás Morán to second
Runner from 3rd tries for Home, SAFE, no throw or cutoff
Batting: RHB Jesús Martínez 0-0: Ball
1-0: Swinging Strike
1-1: Fly out, F8 (Flyball, 8LM)
Top of the 2nd over - 2 run(s), 2 hit(s), 1 error(s), 2 left on base; Nebraska 2 - Galesburg 0
BOTTOM OF THE 2ND
Galesburg Guzzlers batting - Pitching for Nebraska Plainsmen : RHP José López
Batting: LHB Joram Nelen 0-0: Called Strike
0-1: Fly out, F7 (Flyball, 7LMF)
Batting: SHB Chris Williamson 0-0: Fly out, F2 (Popup, 2L)
Batting: SHB Albert Santos 0-0: Foul Ball, location: 2F
0-1: Foul Ball, location: 2F
0-2: Fly out, F8 (Flyball, 8LS)
Bottom of the 2nd over - 0 run(s), 0 hit(s), 0 error(s), 0 left on base; Nebraska 2 - Galesburg 0
TOP OF THE 3RD
Nebraska Plainsmen batting - Pitching for Galesburg Guzzlers : RHP Mark Bourg
Batting: RHB Miguel Vásquez 0-0: Called Strike
0-1: Ball
1-1: Foul Ball, location: 2F
1-2: Ball
2-2: Strikes out looking
Batting: LHB Jim Unknown 0-0: Called Strike
0-1: Ball
1-1: Foul Ball, location: 2F
1-2: Ball
2-2: Ball
3-2: Base on Balls
Batting: SHB Jim Unknown 0-0: Fielders Choice at 2nd, 3-6 (Groundball, 3)
Batting: RHB Jim Unknown 0-0: Ball
1-0: Called Strike
1-1: Called Strike
1-2: Ball
2-2: Ground out 6-3 (Groundball, 6)
Top of the 3rd over - 0 run(s), 0 hit(s), 0 error(s), 1 left on base; Nebraska 2 - Galesburg 0
BOTTOM OF THE 3RD
Galesburg Guzzlers batting - Pitching for Nebraska Plainsmen : RHP José López
Batting: RHB Sean Godron 0-0: Ball
1-0: Ball
2-0: Ball
3-0: Called Strike
3-1: Fly out, F1 (Popup, 15S)
Batting: SHB José Macías 0-0: Ground out U3 (Groundball, 3)
Batting: RHB Javier Vásquez 0-0: Called Strike
0-1: Swinging Strike
0-2: Foul Ball, location: 2F
0-2: Foul Ball, location: 2F
0-2: Ball
1-2: Ball
2-2: Ball
3-2: Strikes out swinging
Bottom of the 3rd over - 0 run(s), 0 hit(s), 0 error(s), 0 left on base; Nebraska 2 - Galesburg 0
TOP OF THE 4TH
Nebraska Plainsmen batting - Pitching for Galesburg Guzzlers : RHP Mark Bourg
Batting: RHB Tomás Morán 0-0: Ball
1-0: Ball
2-0: Foul Ball, location: 2F
2-1: Fly out, F9 (Flyball, 9M)
Batting: RHB Jim Unknown 0-0: Foul Ball, location: 2F
0-1: Ball
1-1: Foul Ball, location: 2F
1-2: Ball
2-2: SINGLE (Line Drive, 56)
Batting: RHB Jim Unknown 0-0: Ball
1-0: Swinging Strike
1-1: Ball
2-1: Foul Ball, location: 2F
2-2: Strikes out looking
Batting: RHB Young-hwan Hyon 0-0: Called Strike
0-1: Foul Ball, location: 2F
0-2: Ball
1-2: Ball
2-2: Ball
3-2: Strikes out looking
Top of the 4th over - 0 run(s), 1 hit(s), 0 error(s), 1 left on base; Nebraska 2 - Galesburg 0
BOTTOM OF THE 4TH
Galesburg Guzzlers batting - Pitching for Nebraska Plainsmen : RHP José López
Batting: RHB Ethan Miller 0-0: Called Strike
0-1: Foul Ball, location: 2F
0-2: Foul Ball, location: 2F
0-2: Ball
1-2: Ball
2-2: Ground out 5-3 (Groundball, 56S)
Batting: RHB José López 0-0: Foul Ball, location: 2F
0-1: Ball
1-1: Ball
2-1: Ball
3-1: Ground out 6-3 (Groundball, 6)
Batting: RHB Darrell Terwey 0-0: Ball
1-0: Ground out 6-3 (Groundball, 6)
Bottom of the 4th over - 0 run(s), 0 hit(s), 0 error(s), 0 left on base; Nebraska 2 - Galesburg 0
TOP OF THE 5TH
Nebraska Plainsmen batting - Pitching for Galesburg Guzzlers : RHP Mark Bourg
Batting: RHB Jesús Martínez 0-0: Called Strike
0-1: Called Strike
0-2: Fly out, F8 (Flyball, 8RM)
Batting: RHB Miguel Vásquez 0-0: Ball
1-0: Fly out, F6 (Line Drive, 6)
Batting: LHB Jim Unknown 0-0: Called Strike
0-1: Ball
1-1: Ball
2-1: Swinging Strike
2-2: Ground out 3-1 (Groundball, 34S)
Top of the 5th over - 0 run(s), 0 hit(s), 0 error(s), 0 left on base; Nebraska 2 - Galesburg 0
BOTTOM OF THE 5TH
Galesburg Guzzlers batting - Pitching for Nebraska Plainsmen : RHP José López
Batting: LHB Joram Nelen 0-0: Ball
1-0: Ball
2-0: Ball
3-0: Called Strike
3-1: Base on Balls
Batting: SHB Chris Williamson 0-0: DOUBLE (Groundball, 5L)
Joram Nelen to third
Batting: SHB Albert Santos 0-0: Ball
1-0: Ball
2-0: Called Strike
2-1: Fly out, F7 (Flyball, 7LM)
Throwing error, E7
Joram Nelen scores
Chris Williamson to third
Batting: RHB Sean Godron 0-0: Ball
1-0: Ball
2-0: Ground out 1-3 (Groundball, 13S)
Batting: SHB José Macías 0-0: Ball
1-0: Ball
2-0: Called Strike
2-1: Foul Ball, location: 2F
2-2: Foul Ball, location: 2F
2-2: Reached on error, E3 (Groundball, 3S)
Chris Williamson scores
Batting: RHB Javier Vásquez 0-0: Ball
1-0: Called Strike
1-1: Ground out 1-3 (Groundball, 3S)
Bottom of the 5th over - 2 run(s), 1 hit(s), 2 error(s), 1 left on base; Nebraska 2 - Galesburg 2
TOP OF THE 6TH
Nebraska Plainsmen batting - Pitching for Galesburg Guzzlers : RHP Mark Bourg
Batting: SHB Jim Unknown 0-0: Ball
1-0: Ball
2-0: Ground out 4-3 (Groundball, 34)
Batting: RHB Jim Unknown 0-0: Foul Ball, location: 2F
0-1: Reached on error, E5 (Groundball, 5S)
Pitching: RHP Atsumori Fujii
Batting: RHB Tomás Morán 0-0: Called Strike
0-1: Ball
1-1: Swinging Strike
1-2: Ball
2-2: Strikes out swinging
Batting: RHB Jim Unknown 0-0: Ball
1-0: Foul Ball, location: 2F
1-1: Ball
2-1: Ground out 5-3 (Groundball, 56S)
Top of the 6th over - 0 run(s), 0 hit(s), 1 error(s), 1 left on base; Nebraska 2 - Galesburg 2
BOTTOM OF THE 6TH
Galesburg Guzzlers batting - Pitching for Nebraska Plainsmen : RHP José López
Batting: RHB Ethan Miller 0-0: Called Strike
0-1: Ball
1-1: Ball
2-1: Ball
3-1: Base on Balls
Batting: RHB José López 0-0: Foul Ball, location: 2F
0-1: Grounds into double play, 6-4-3 (Groundball, 6)
Batting: RHB Darrell Terwey 0-0: Foul Ball, location: 2F
0-1: Ball
1-1: Swinging Strike
1-2: Ground out 6-3 (Groundball, 56D)
Bottom of the 6th over - 0 run(s), 0 hit(s), 0 error(s), 0 left on base; Nebraska 2 - Galesburg 2
TOP OF THE 7TH
Nebraska Plainsmen batting - Pitching for Galesburg Guzzlers : RHP Atsumori Fujii
Batting: RHB Jim Unknown 0-0: Swinging Strike
0-1: Ground out 5-3 (Groundball, 5L)
Batting: RHB Young-hwan Hyon 0-0: Ball
1-0: Called Strike
1-1: Ball
2-1: Called Strike
2-2: Foul Ball, location: 2F
2-2: Ground out 3-1 (Groundball, 34)
Batting: RHB Jesús Martínez 0-0: Ball
1-0: Ground out 6-3 (Groundball, 6)
Top of the 7th over - 0 run(s), 0 hit(s), 0 error(s), 0 left on base; Nebraska 2 - Galesburg 2
BOTTOM OF THE 7TH
Galesburg Guzzlers batting - Pitching for Nebraska Plainsmen : RHP José López
Batting: LHB Joram Nelen 0-0: Swinging Strike
0-1: Ball
1-1: Ball
2-1: Ball
3-1: Base on Balls
Pinch Hitting: SHB Jim Unknown 0-0: Sac Bunt - play at first, batter OUT! 1-4
Joram Nelen to second
Batting: SHB Albert Santos 0-0: Intentional Walk
Pinch Hitting: RHB Yuki Kudo 0-0: Ball
1-0: Ball
2-0: Ball
3-0: Called Strike
3-1: Called Strike
3-2: Foul Ball, location: 2F
3-2: Foul Ball, location: 2F
3-2: SINGLE (Groundball, 6MD)
Joram Nelen to third
Albert Santos to second
Pinch Hitting: RHB Jim Unknown 0-0: Ball
1-0: Ball
2-0: Ball
3-0: Called Strike
3-1: Base on Balls
Joram Nelen scores
Albert Santos to third
Yuki Kudo to second
Batting: RHB Javier Vásquez 0-0: Reached on Error, E9 (Flyball, 9M)
Albert Santos scores
Yuki Kudo to third
Jim Unknown to second
Batting: RHB Ethan Miller 0-0: Foul Ball, location: 2F
0-1: Swinging Strike
0-2: Ball
1-2: Foul Ball, location: 2F
1-2: Foul Ball, location: 2F
1-2: Grounds into double play, 6-4-3 (Groundball, 6)
Bottom of the 7th over - 2 run(s), 1 hit(s), 1 error(s), 2 left on base; Nebraska 2 - Galesburg 4
TOP OF THE 8TH
Nebraska Plainsmen batting - Pitching for Galesburg Guzzlers : RHP Atsumori Fujii
Now at 3B: Jim Unknown
Now in LF: Jim Unknown
Now in RF: Jim Unknown
Batting: RHB Miguel Vásquez 0-0: Called Strike
0-1: Ball
1-1: Ball
2-1: Swinging Strike
2-2: Strikes out swinging
Batting: LHB Jim Unknown 0-0: SINGLE (Line Drive, 89S)
Pitching: RHP Edward Whipp
Batting: SHB Jim Unknown 0-0: SINGLE (Groundball, 25) (infield hit)
Jim Unknown to second
Batting: RHB Jim Unknown 0-0: Grounds into double play, 5-4-3 (Groundball, 56)
Top of the 8th over - 0 run(s), 2 hit(s), 0 error(s), 1 left on base; Nebraska 2 - Galesburg 4
BOTTOM OF THE 8TH
Galesburg Guzzlers batting - Pitching for Nebraska Plainsmen : RHP José López
Batting: RHB José López 0-0: DOUBLE (Line Drive, 7LS)
Batting: RHB Darrell Terwey 0-0: Called Strike
0-1: Ball
1-1: Ground out 6-3 (Groundball, 6S)
José López to third
Batting: LHB Joram Nelen 0-0: Called Strike
0-1: Ball
1-1: Ground out 6-3 (Groundball, 6)
Batting: SHB Jim Unknown 0-0: Intentional Walk
Batting: SHB Albert Santos 0-0: Foul Ball, location: 2F
0-1: Ball
1-1: Ball
2-1: Fielders Choice at 2nd, U4 (Groundball, 4M)
Bottom of the 8th over - 0 run(s), 1 hit(s), 0 error(s), 2 left on base; Nebraska 2 - Galesburg 4
TOP OF THE 9TH
Nebraska Plainsmen batting - Pitching for Galesburg Guzzlers : RHP Edward Whipp
Pitching: RHP Vincente Ortíz
Batting: RHB Tomás Morán 0-0: Ball
1-0: Called Strike
1-1: Ball
2-1: Ground out 6-3 (Groundball, 6)
Batting: RHB Jim Unknown 0-0: Called Strike
0-1: Ground out 6-3 (Groundball, 6)
Batting: RHB Jim Unknown 0-0: Ball
1-0: Foul Ball, location: 2F
1-1: Called Strike
1-2: Strikes out swinging
Top of the 9th over - 0 run(s), 0 hit(s), 0 error(s), 0 left on base; Nebraska 2 - Galesburg 4
This league is powered by Out of the Park Baseball, the baseball management simulation game for PC, Mac and Linux
Friday, October 23rd, 2015 - OOTP Baseball 16.9 Build 39